[Event "Susha Chess Rapid 2022"]
[Site "Shusha"]
[Date "2022.09.21"]
[Round "1.1"]
[White "Kasimdzhanov, Rustam"]
[Black "Mamedov, Rauf"]
[Result "1/2-1/2"]
[ECO "B31"]
[WhiteElo "2670"]
[BlackElo "2646"]
[Annotator "TA"]
[PlyCount "56"]
[EventDate "2022.09.21"]
[EventType "tourn"]
[EventCountry "AZE"]
[SourceTitle "playchess.com"]
[Source "ChessBase"]
[SourceQuality "1"]
[TimeControl "900+10"]

1. e4 c5 2. Nf3 Nc6 3. Bb5 g6 4. O-O Bg7 5. Bxc6 dxc6 (5... bxc6 6. Re1 Nh6 7. c3 O-O 8. h3 f5 9. e5 Nf7 10. d3 Ba6 11. c4 e6 12. Nc3 g5 13. Be3 g4 14. hxg4 fxg4 15. Nh2 g3 16. fxg3 Nxe5 17. Bxc5 {½-½ (31) Kasimdzhanov,R (2703)-Mamedov,R (2655) Almaty 2016}) 6. d3 Nf6 7. h3 Nd7 {[%emt 0:00:13] B31: Sicilian: 2...Nc6 3 Bb5 g6.} 8. Nbd2 b6 9. a4 a5 10. Nc4 {[%emt 0:00:41] [#]} Ba6 $146 ({Predecessor:} 10... Qc7 11. Bg5 b5 12. Ne3 Bxb2 13. Rb1 Bg7 14. axb5 a4 15. bxc6 Qxc6 16. Nd5 e6 {0-1 (80) Ruch,E (2485)-Akdag,M (2567) ICCF email 2015}) 11. Qe2 Qc7 12. Rb1 Nf8 13. e5 {[%emt 0:00:16][%cal Oc4d6] [#] Hoping for Nd6+!} Ne6 14. Qe4 Bxc4 15. dxc4 O-O 16. Be3 Rad8 17. Rbd1 Rxd1 18. Rxd1 Rd8 19. Rxd8+ Nxd8 20. Kf1 Ne6 21. Ke2 h5 22. g4 hxg4 23. hxg4 Kf8 24. b3 Ke8 25. Kf1 Kf8 26. Ke2 Ke8 27. Kf1 Kf8 28. Ke2 Ke8 {Weighted Error Value: White=0.07 (flawless) /Black=0.03 (flawless)} 1/2-1/2

[Event "Susha Chess Rapid 2022"]
[Site "Shusha"]
[Date "2022.09.21"]
[Round "1.2"]
[White "Radjabov, Teimour"]
[Black "Maghsoodloo, Parham"]
[Result "1/2-1/2"]
[ECO "A04"]
[WhiteElo "2747"]
[BlackElo "2721"]
[Annotator "TA"]
[PlyCount "136"]
[EventDate "2022.09.21"]
[EventType "tourn"]
[EventCountry "AZE"]
[SourceTitle "playchess.com"]
[Source "ChessBase"]
[SourceQuality "1"]
[TimeControl "900+10"]

1. Nf3 c5 2. c4 Nc6 3. Nc3 e5 4. e3 Nf6 5. Be2 d5 6. d4 {[%emt 0:00:01] A34: Symmetrical English: 2 Nc3, lines with ...d5.} cxd4 {[%emt 0:00:13] is the legacy move (6...exd4).} 7. exd4 e4 8. Ne5 {[%emt 0:00:02] The position is equal.} Bb4 9. O-O Bxc3 10. bxc3 O-O 11. Bg5 h6 12. Bh4 {[%emt 0:00:11] [#]} Ne7 $146 ({Predecessor:} 12... Be6 13. cxd5 Bxd5 14. Ng4 Be6 15. Nxf6+ gxf6 16. Qd2 Kg7 17. f3 e3 18. Qxe3 Re8 {1-0 (25) Illingworth,M (2524)-Dragomirescu,R (2362) Chess.com INT 2018}) 13. Qb3 Be6 (13... Nf5 $14 14. Bxf6 gxf6) 14. Qxb7 $16 Rb8 15. Qxa7 Rb2 (15... Ra8 $16 {was called for.} 16. Qc5 Rc8) 16. Rfe1 (16. Rae1 $18) 16... Nf5 17. Bxf6 Qxf6 18. Rab1 Rxb1 (18... e3 $142) 19. Rxb1 e3 20. f3 Qh4 21. Rf1 {[%emt 0:00:02] Against Qf2+} dxc4 22. a4 (22. Bxc4 $2 Bxc4 23. Nxc4 e2 $19) (22. Nxc4 Rc8 23. Qa6 Qd8 $16) 22... Ne7 (22... Rc8 $16 {was necessary.} 23. a5 Qd8) 23. g3 $1 $18 (23. Nxc4 Nd5 24. g3 Qg5 $11) (23. Bxc4 Bxc4 24. g3 (24. Nxc4 $2 e2 $19) 24... e2 $11) 23... Qf6 24. Nd7 (24. Bxc4 Bxc4 25. Nxc4 e2 $11) 24... Bxd7 25. Qxd7 Rb8 (25... h5 $142 26. a5 (26. Bxc4 Rc8 $16) 26... h4) 26. Bxc4 $2 (26. a5 $18 {has better winning chances.}) 26... Rc8 $16 27. Bd3 {[%emt 0:00:27] Black must now prevent a5.} g6 28. Re1 Rxc3 29. Rxe3 Nc6 30. Kf2 $1 Nxd4 {[%emt 0:00:17] [#]} 31. Be4 $2 (31. Bxg6 $1 $18 Rxe3 32. Kxe3) 31... Rc1 {[%emt 0:00:04] [#]} (31... Rc4 $11) 32. Rd3 $2 ({White must play} 32. Bxg6 $1 $18 Nxf3 33. Bxf7+ (33. Rxf3 $2 Qb2+ 34. Ke3 Re1+ 35. Kd3 Rd1+ 36. Ke3 Rxd7 $19) 33... Qxf7 34. Qxf7+ Kxf7 35. Rxf3+ Ke6 36. Ra3) 32... Rc2+ $11 33. Kf1 Ne6 {[%emt 0:00:16] Threatens to win with ...Qb2.} 34. Rd2 Qa1+ 35. Kg2 Rc1 36. Qa7 Qc3 (36... Rh1 37. Qf2 $16) 37. Qf2 {[%emt 0:00:06] next Rc2 is good for White.} Qa5 (37... Ng5 $1 $11 38. Rc2 Rxc2 39. Qxc2 Nxe4 40. Qxe4 Qd2+ 41. Kh3 Qd1) 38. Rc2 ({Better is} 38. Qe3 $16) 38... Rd1 $1 39. Qe2 Rd6 40. Qb5 Qe1 {[%emt 0:00:04] ...Rd1 is the strong threat.} 41. Qb2 Kh7 (41... Rd1 $11 42. Rc8+ Nd8) 42. Re2 $16 Qd1 {[%emt 0:00:06] [#]} 43. Qc2 (43. a5 $1 $16) 43... Qa1 $14 44. Qa2 $36 {[%emt 0:00:01][%mdl 2048] White has some pressure.} (44. f4 $5 ) 44... Qd1 (44... Rd1 $1 $11) 45. a5 $16 {[%emt 0:00:13] And now a6 would win.} Ra6 $2 (45... Rd4 $16 {keeps fighting.}) 46. Rd2 $18 Qe1 47. Rd7 {[%emt 0:00:12] Against Ra7} (47. Bb7 $18 Ra7 48. a6) 47... Kg8 {[%emt 0:00:04] [#]} (47... Rxa5 $16 48. Qc2 (48. Rxf7+ $2 Kg8 $19) (48. Qxe6 $2 Qe2+ 49. Kh3 Qf1+ 50. Kg4 Rg5+ 51. Kh4 Rh5+ 52. Kg4 Qh3+ 53. Kf4 Qxe6 $19) 48... Ng5 49. Bxg6+ Kg7) 48. Rd5 $1 {[%emt 0:00:09] Active counter play!} Qc3 49. Qc2 Rc6 50. Qxc3 (50. Rd2 $18 Qxc2 51. Rxc2) 50... Rxc3 {[%emt 0:00:01][%mdl 4096] Endgame KRB-KRN} 51. Rb5 Ra3 52. Bd5 {[%emt 0:00:11] Against Ra2+} Nc7 53. Rc5 Nxd5 54. Rxd5 $16 {[%emt 0:00:00] KR-KR} Ra2+ 55. Kh3 h5 $1 56. g4 hxg4+ 57. fxg4 Ra3+ (57... f6 $1 $11) 58. Kg2 f6 59. h4 (59. Rc5 $16) 59... Kf7 (59... Ra2+ $11 {keeps the balance.} 60. Kf3 Ra3+ 61. Ke4 Ra4+ 62. Kd3 Kf7) 60. h5 ({White should play} 60. Rb5 $16) 60... gxh5 $2 (60... Kg7 $11 {and Black is okay.}) 61. gxh5 $18 Ke6 62. Rb5 f5 63. h6 {[%emt 0:00:37] aiming for h7.} Kf6 64. Rb6+ Kf7 65. a6 $2 (65. Ra6 $18) 65... Kg8 $14 66. Rb8+ (66. Kf2 $14) 66... Kh7 $11 67. Rb6 f4 (67... Kg8 $1 $11 {remains equal.}) 68. Kf2 Kh8 {[%emt 0:00:04] Weighted Error Value: White=0.36/Black=0.39} 1/2-1/2

[Event "Susha Chess Rapid 2022"]
[Site "Shusha"]
[Date "2022.09.21"]
[Round "1.3"]
[White "Mamedyarov, Shakhriyar"]
[Black "Guseinov, Gadir"]
[Result "1-0"]
[ECO "A04"]
[WhiteElo "2757"]
[BlackElo "2661"]
[Annotator "TA"]
[PlyCount "66"]
[EventDate "2022.09.21"]
[EventType "tourn"]
[EventCountry "AZE"]
[SourceTitle "playchess.com"]
[Source "ChessBase"]
[SourceQuality "1"]
[TimeControl "900+10"]

1. Nf3 g6 2. e4 c5 3. c3 d5 4. e5 Nc6 5. d4 cxd4 6. cxd4 Bg4 {[%emt 0:00:02] B22: Sicilian: 2 c3.} 7. Be2 Nh6 8. Nc3 Nf5 {[%emt 0:04:47] The position is equal.} 9. Ng5 $5 {[%emt 0:00:03][%mdl 4] An interesting side line.} Bxe2 10. Nxe2 e6 11. O-O {[%emt 0:00:03] [#]} h6 $146 ({Predecessor:} 11... Qb6 12. Nf3 Bg7 13. b3 O-O 14. g4 Nfe7 15. Nf4 a5 16. Be3 Rfc8 17. Nd3 Nb4 {0-1 (73) Mako,Z (1993)-Nagy,A (1967) Budapest 2011}) 12. Nf3 Bg7 13. Ng3 Nce7 14. b3 O-O 15. Qd2 Rc8 16. Ba3 Re8 17. Rfc1 Qd7 18. Ne2 Nc6 ({Better is} 18... h5 $11) 19. g4 $14 Nfe7 20. h4 (20. h3 $14) 20... b6 (20... f6 $1 $11 {remains equal.}) 21. Ng3 Na5 (21... Kh7 $16) 22. Rxc8 $18 Rxc8 23. h5 $1 Nac6 (23... Qd8 $142 24. g5 hxg5) 24. Kg2 (24. g5 $1 $18 {[%cal Rg5h6] is the precise move to win.}) 24... g5 $16 {[%emt 0:00:37] [#]} 25. Rh1 ({White should play} 25. Nxg5 $1 $16 {[%mdl 512] Strongly threatening Nh3.} hxg5 26. h6 Bxe5 27. dxe5 (27. Qxg5+ Ng6 $16)) 25... f6 (25... Kh8 $14) 26. exf6 Bxf6 27. Re1 Re8 28. Qd3 Bg7 29. Bc1 {[%emt 0:00:51] White has more active pieces.} (29. Qe2 $16) 29... Nc8 $2 {[%emt 0:00:10][%mdl 8192] [#]} (29... Rf8 $11 {and Black is okay.}) 30. Bxg5 $1 $18 hxg5 (30... Qf7 31. Bd2 Rf8) 31. Nxg5 {[%emt 0:00:02] Black must now prevent Qh7+. White is clearly winning.} Kf8 32. Qg6 Bxd4 {[%emt 0:00:26] [#]} 33. Nf5 $1 Nb8 {Weighted Error Value: White=0.19 (very precise) /Black=0.45} (33... Bb2 34. Nh7+) 1-0

[Event "Susha Chess Rapid 2022"]
[Site "Shusha"]
[Date "2022.09.21"]
[Round "1.4"]
[White "Yilmaz, Mustafa"]
[Black "Vidit, Santosh Gujrathi"]
[Result "0-1"]
[ECO "D26"]
[WhiteElo "2633"]
[BlackElo "2710"]
[Annotator "TA"]
[PlyCount "72"]
[EventDate "2022.09.21"]
[EventType "tourn"]
[EventCountry "AZE"]
[SourceTitle "playchess.com"]
[Source "ChessBase"]
[SourceQuality "1"]
[TimeControl "900+10"]

1. d4 d5 2. c4 dxc4 3. Nf3 Nf6 4. e3 e6 5. Bxc4 c5 6. O-O Nc6 7. Qe2 a6 $1 {[%emt 0:00:02][%mdl 4] is recently more successful than 7...cxd4.} 8. Nc3 b5 9. Bb3 (9. Ne5 Bb7 10. Bd3 (10. Nxc6 Bxc6 11. Bd3 b4 $15) 10... cxd4 11. Nxc6 Bxc6 12. exd4 Qxd4 $15) 9... Bb7 {[%emt 0:00:09] D28: Queen's Gambit Accepted: Classical main line: 7 Qe2 with early ...Nc6.} 10. d5 exd5 11. e4 d4 {[%emt 0:00:02] White has an edge.} 12. e5 Ng4 {[%emt 0:00:05] [#] Hoping for ...c4.} 13. Bg5 {[%emt 0:00:02][%mdl 1024] [#] White has compensation.} Be7 $5 $146 {[%emt 0:00:04][%cal Bf8e7,Be7g5,Bg5f6,Bf6d4][%mdl 8] White must now prevent ...c4. An interesting novelty.} ({Predecessor:} 13... Qc8 14. Nd5 c4 15. Bxc4 bxc4 16. Qxc4 h6 17. Bf4 Qd7 18. Rfd1 g5 19. Bg3 Bg7 20. Nxd4 Ngxe5 21. Bxe5 Bxe5 {½-½ (31) Mikhailov,G (2329)-Mayorov,B ICCF email 2016}) 14. Ne4 d3 (14... Ngxe5 $2 15. Nxc5 Qc7 16. Bxe7 Qxe7 17. Nxb7 $18) (14... Ncxe5 $2 15. Nxe5 (15. Nxc5 Bxf3 16. gxf3 Bxg5 $11) 15... Nxe5 16. Nxc5 $18) 15. Qe1 d2 16. Qe2 O-O {[%emt 0:00:10] Really sharp!} (16... Ngxe5 17. Nxc5 Nxf3+ 18. Qxf3 $16 (18. gxf3 $2 Nd4 $19)) (16... Ncxe5 $2 17. Nxe5 Nxe5 18. Nxc5 Bxg5 19. Qxe5+ Qe7 20. Qxe7+ Kxe7 21. Nxb7 $16) 17. Nxc5 Bc8 ({Don't play} 17... Bxg5 18. Nxb7 Qe7 19. e6 $16) 18. h4 {[%emt 0:05:26] Qe4 is the strong threat.} Bxg5 19. e6 $2 {[%emt 0:03:17][%mdl 8192] Now White is beyond hope.} (19. hxg5 $11 Qc7 20. Bd5 (20. Nxd2 Nd4 $17) (20. Qxd2 $2 Ncxe5 21. Nxe5 Qxe5 $19)) 19... Bf6 $19 {[%emt 0:05:15] Strongly threatening ...Nd4.} 20. Rad1 Qc7 {[%emt 0:06:02] aiming for ...Nd4.} 21. Rxd2 {[%emt 0:00:44] [#]} (21. Qe4 Nd4 22. Qxg4 Nxb3 23. Nxb3 Bxe6 24. Qg3 Qxg3 25. fxg3) 21... Nd4 $1 22. Rxd4 Bxd4 23. exf7+ Kh8 24. Ne6 Bxe6 25. Bxe6 Qf4 26. Kh1 Ne5 27. Nxe5 Qxe5 28. Qxe5 Bxe5 29. b3 Rad8 30. f4 Bf6 {[%emt 0:00:03] Black is clearly winning.} 31. h5 g6 32. h6 Rd6 33. Re1 Bh4 34. Re3 Bf2 35. Re4 Bg3 {[%emt 0:00:01] ( -> ...Rd1+)} 36. Bg4 {[%emt 0:00:03] Inhibits Rd1+.} Rf6 {[%emt 0:00:02] Weighted Error Value: White=0.47/Black=0.10 (very precise)} 0-1

[Event "Susha Chess Rapid 2022"]
[Site "Shusha"]
[Date "2022.09.21"]
[Round "1.5"]
[White "Durarbayli, Vasif"]
[Black "Wang, Hao"]
[Result "1-0"]
[ECO "B31"]
[WhiteElo "2628"]
[BlackElo "2722"]
[Annotator "TA"]
[PlyCount "73"]
[EventDate "2022.09.21"]
[EventType "tourn"]
[EventCountry "AZE"]
[SourceTitle "playchess.com"]
[Source "ChessBase"]
[SourceQuality "1"]
[TimeControl "900+10"]

1. e4 c5 2. Nf3 Nc6 3. Bb5 g6 4. O-O Bg7 5. c3 e5 6. d4 cxd4 7. cxd4 exd4 8. Bf4 a6 9. Ba4 {[%emt 0:00:12][%cal Bb5a4,Ba4b3,Bb3d5][%mdl 32] B31: Sicilian: 2...Nc6 3 Bb5 g6.} Nge7 {[%emt 0:00:05] The main line 9...Nge7 scores better than 9...b5.} 10. Bd6 {[%emt 0:00:04][%mdl 1024] White has compensation.} b5 11. Bb3 {[%emt 0:00:08] The position is equal.} Bb7 12. Ng5 O-O 13. Qf3 Qe8 (13... h6 $2 14. Nxf7 Rxf7 15. Qxf7+ Kh7 16. a4 $18) 14. Qg3 {[%emt 0:00:45] [#]} a5 $146 ({Black should play} 14... h6 $11 15. Nf3 d3) ({Predecessor:} 14... Na5 15. Nd2 h6 16. Ngf3 Rc8 17. Ne5 Nxb3 18. Nxb3 Bxe4 19. Nxd4 Nf5 20. Nxf5 Bxf5 {1-0 (29) Mchedlishvili,M (2593)-Ibarra Chami,L (2452) Chennai 2022}) 15. Nd2 $40 {[%emt 0:01:24][%mdl 128] White has some attack. White is much more active. The black rooks are badly placed.} ({White should try} 15. a4 $1 $14) 15... a4 $11 16. Bd5 h6 17. Ngf3 Kh8 (17... Qd8 $11) 18. Rfe1 d3 19. Qh4 (19. Rab1 $16) 19... f6 $2 (19... Qd8 $1 $11) 20. Qg3 $18 g5 21. h4 Kh7 (21... Ra6 $16) 22. Re3 (22. Rad1 $18) 22... Rh8 $2 (22... a3 $16) 23. Rae1 (23. Rxd3 Nxd5 24. exd5 (24. Rxd5 b4 $16) 24... Na5 $16) 23... Nc8 $2 (23... Rf8 {was called for.} 24. Rxd3 Ne5) 24. e5 {[%emt 0:01:54] [#] And now exf6 would win.} Nxd6 (24... f5 $142 25. hxg5 Nxd6 26. exd6 Qh5 27. gxh6 (27. Rxd3 Rae8 $16) 27... Bf6) 25. exd6 (25. exf6 $142 Nf5 26. Qg4 (26. Rxe8 Nxg3 27. R8e7 Nxe7 $11)) 25... Qh5 26. Be4+ (26. Rxd3 Rhe8 $14) 26... Kg8 27. Bxd3 g4 28. Nh2 f5 29. Qf4 Rf8 (29... Bxb2 30. Bxb5 (30. Bxf5 Rf8 $16) 30... Rf8 31. Bxa4) 30. Ndf1 ({Resist} 30. Bxb5 $6 Bf6 31. Nhf1 (31. Bxa4 Bxh4 32. Nhf1 Rh7 $18) 31... Qg6 32. Bxa4 (32. Qxa4 Bxh4 33. Bd3 Kg7 $18) 32... Bxh4 $18) 30... Qxh4 {[%emt 0:00:15] [#]} 31. Ng3 $1 Qg5 (31... Bd4 {might work better.} 32. Nxf5 (32. Re8 Qg5 $14) 32... Bxe3 33. Qxe3 Qg5) 32. Qxg5 hxg5 33. Nxf5 {[%emt 0:00:01] aiming for Ne7+.} Bxb2 34. Nxg4 {[%emt 0:00:08] Nfh6+ is the strong threat. Pair of Knights!} b4 $2 (34... Rb8 35. Bxb5 Kf7 36. Bxa4 Ba8) 35. Re7 {[%emt 0:00:30] White is clearly winning.} Nxe7 (35... Rxf5 $142 36. Rxd7 Kf8) 36. dxe7 Bd5 37. e8=Q {[%emt 0:00:40] Weighted Error Value: White=0.62/Black=0.50} ({Don't take} 37. exf8=R+ Kxf8 38. Ne5 Bxe5 $18) 1-0

[Event "Susha Chess Rapid 2022"]
[Site "Shusha"]
[Date "2022.09.22"]
[Round "2.1"]
[White "Wang, Hao"]
[Black "Kasimdzhanov, Rustam"]
[Result "1/2-1/2"]
[ECO "D34"]
[WhiteElo "2722"]
[BlackElo "2670"]
[Annotator "TA"]
[PlyCount "106"]
[EventDate "2022.09.21"]
[EventType "tourn"]
[EventCountry "AZE"]
[SourceTitle "playchess.com"]
[Source "ChessBase"]
[SourceQuality "1"]
[TimeControl "900+10"]

1. d4 d5 2. c4 e6 3. Nc3 c5 4. cxd5 exd5 5. Nf3 Nf6 6. g3 Nc6 7. Bg2 Be7 8. O-O O-O 9. dxc5 Bxc5 10. Na4 Be7 11. Be3 Re8 12. Rc1 Bg4 13. h3 Bxf3 {[%emt 0:00:16] D34: Tarrasch Defence: 6 g3 Nf6 7 Bg2 Be7.} 14. Bxf3 Qd7 15. Bg2 Rad8 16. Nc5 Bxc5 17. Bxc5 Ne4 18. e3 Qe6 19. Bd4 {[%emt 0:00:29] [#]} Qg6 $146 ({Predecessor:} 19... Rd7 20. Qd3 h5 21. h4 Nxd4 22. Qxd4 b6 23. Rc2 Red8 24. Kh2 Nf6 25. Bh3 Ng4+ {½-½ (109) Vastrukhin,O (2401)-Erdogdu,M (2396) Chess.com INT 2020}) 20. b3 h6 21. Bb2 {[%emt 0:00:08] This bishop pair is nice.} a6 22. a3 f6 23. b4 Kh7 24. Qd3 Qf5 25. Qc2 Rc8 26. Qb1 Kh8 27. Rcd1 Ne7 28. Rc1 Rxc1 {[%emt 0:00:36] The position is equal.} 29. Qxc1 Rc8 {[%emt 0:00:06] Prevents Qc7.} 30. Qb1 Rc4 31. Ba1 Qc8 {[%emt 0:00:50] [#] ...Nd2 is the strong threat.} 32. Qd3 {[%emt 0:00:18] Against Nd2} b5 33. Bd4 Qe6 34. Rd1 Qf5 35. Qe2 Qc8 36. Bxe4 dxe4 37. Qh5 Qf5 38. Qxf5 Nxf5 $11 {[%emt 0:00:02][%mdl 4096] Endgame KRB-KRN} 39. Bc5 Kh7 40. Rd5 Kg6 41. Rd7 h5 42. Ra7 Nh6 43. Bf8 Nf7 44. Kf1 Rc1+ 45. Ke2 Rc2+ 46. Ke1 Ne5 47. Rxg7+ Kf5 48. Ra7 Nd3+ 49. Kd1 Rb2 50. Rxa6 Nxf2+ 51. Kc1 Nd3+ 52. Kd1 Nf2+ 53. Kc1 Nd3+ {Weighted Error Value: White=0.04 (flawless) /Black=0.04 (flawless)} 1/2-1/2

[Event "Susha Chess Rapid 2022"]
[Site "Shusha"]
[Date "2022.09.22"]
[Round "2.2"]
[White "Vidit, Santosh Gujrathi"]
[Black "Guseinov, Gadir"]
[Result "1-0"]
[ECO "A16"]
[WhiteElo "2710"]
[BlackElo "2661"]
[Annotator "TA"]
[PlyCount "87"]
[EventDate "2022.09.21"]
[EventType "tourn"]
[EventCountry "AZE"]
[SourceTitle "playchess.com"]
[Source "ChessBase"]
[SourceQuality "1"]
[TimeControl "900+10"]

1. c4 Nf6 2. Nc3 g6 3. g3 Bg7 4. Bg2 e5 5. d3 d6 6. e4 O-O 7. Nge2 c6 8. O-O Na6 9. h3 Ne8 {[%emt 0:03:43] A24: English Opening vs King's Indian: Lines without ...Nc6.} 10. Be3 f5 11. exf5 Bxf5 {[%emt 0:00:25] White is slightly better.} 12. d4 {[%emt 0:00:17] [#]} Nec7 $146 ({Predecessor:} 12... Nf6 13. Qd2 Nc7 14. g4 Bc8 15. Rad1 exd4 16. Nxd4 Qd7 17. f4 d5 18. f5 dxc4 {1-0 (25) Kerr,S-Mordue,N Australia 2002}) 13. g4 Be6 14. d5 cxd5 15. cxd5 ({Don't play} 15. Nxd5 Nxd5 16. Bxd5 Qe7 $14) 15... Bf7 16. a3 Nb8 17. Ng3 Nd7 18. Rc1 {[%emt 0:00:45] White is more active.} Nb6 19. b3 Kh8 20. a4 Bg8 21. Qd2 Qe7 (21... Nc8 $142) 22. a5 $16 Nd7 23. b4 a6 24. Nge4 (24. g5 $18 {and White stays clearly on top.}) 24... Ne8 {[%emt 0:00:13] [#] Black cannot hold the game after this.} (24... Nf6 $16) 25. g5 $1 $18 Nc7 {[%emt 0:00:43] [#]} (25... Rc8 $142 26. b5 axb5) 26. h4 (26. Nxd6 $142 $1 {[%cal Of1d1][%mdl 512] aiming for Rfd1!} Nxd5 (26... Qxd6 27. Ne4) 27. Bxd5 Qxd6 28. Rfd1 (28. Bxb7 Qxd2 29. Bxd2 Rab8 $18)) 26... Rad8 (26... Rfc8 {was necessary.} 27. Bh3 Rf8) 27. Rfd1 Ne8 28. Ne2 Rf5 29. N2g3 Qf7 30. h5 ({Weaker is} 30. Nxf5 gxf5 31. Nc3 f4 $16) 30... Bf8 (30... gxh5 $142 31. Nxf5 Qxf5) 31. Bh3 Be7 32. Kg2 Ng7 33. h6 Ne8 34. f4 Qf8 35. Nxf5 gxf5 36. Ng3 exf4 37. Bd4+ Ne5 38. Qxf4 Bxd5+ 39. Kh2 Kg8 40. Bxe5 dxe5 41. Qxe5 Bf7 42. Nxf5 {[%emt 0:00:14] White mates.} Bxg5 43. Rxd8 Bxd8 44. Rg1+ {[%emt 0:00:08] Weighted Error Value: White=0.27 (precise) /Black=0.59} 1-0

[Event "Susha Chess Rapid 2022"]
[Site "Shusha"]
[Date "2022.09.22"]
[Round "2.3"]
[White "Mamedov, Rauf"]
[Black "Mamedyarov, Shakhriyar"]
[Result "0-1"]
[ECO "B06"]
[WhiteElo "2646"]
[BlackElo "2757"]
[Annotator "TA"]
[PlyCount "46"]
[EventDate "2022.09.21"]
[EventType "tourn"]
[EventCountry "AZE"]
[SourceTitle "playchess.com"]
[Source "ChessBase"]
[SourceQuality "1"]
[TimeControl "900+10"]

1. e4 g6 2. d4 Bg7 3. Nc3 a6 4. h4 d5 5. e5 {[%emt 0:01:36] [#]} f6 $146 ({Predecessor:} 5... c5 6. dxc5 d4 7. Na4 Qa5+ 8. c3 dxc3 9. bxc3 Bd7 10. Nb6 Qxc3+ 11. Qd2 Qxa1 {0-1 (31) Cao,S (2488)-Bauer,C (2629) Dresden 2007}) 6. h5 {[%emt 0:02:51] Strongly threatening hxg6. B06: Modern Defence.} fxe5 7. dxe5 d4 8. Bc4 (8. Nce2 $16) 8... Nc6 $11 (8... dxc3 $2 9. Bf7+ $1 Kxf7 10. Qxd8 $18) 9. Ne4 {[%emt 0:01:58] Threatens to win with hxg6.} Nxe5 10. h6 (10. Qe2 $11 {remains equal.}) 10... Nxh6 $1 $17 11. Bxh6 Bxh6 12. Rxh6 {[%emt 0:00:02] Black must now prevent Qe2.} Nxc4 13. Qe2 Nxb2 14. Nf3 Bf5 15. Nf6+ Kf7 16. Nxh7 (16. Ne4 $17 {was worth a try.}) 16... Kg7 $19 17. Nfg5 {[%emt 0:00:29] [#]} Qd6 {[%emt 0:00:30] Prevents Qe5+.} ({Weaker is} 17... Kxh6 18. Nf7+ Kxh7 19. Nxd8 Rhxd8 20. g4 $11) ({Inferior is} 17... d3 18. Qe5+ Kxh6 19. Nf7+ Kxh7 20. Nxd8 Rhxd8 21. Qxb2 $11) 18. g4 $2 (18. Rh4 e5 19. Qf3) 18... d3 {[%emt 0:00:10] Black is clearly winning.} 19. gxf5 dxe2 20. Rxg6+ Qxg6 21. fxg6 Kxg6 22. Rb1 Na4 {[%emt 0:00:05] ...Nc3 is the strong threat.} 23. Rxb7 Rab8 {[%emt 0:00:07] White got outplayed after the opening.  Weighted Error Value: White=0.81/Black=0.19 (very precise)} 0-1

[Event "Susha Chess Rapid 2022"]
[Site "Shusha"]
[Date "2022.09.22"]
[Round "2.4"]
[White "Maghsoodloo, Parham"]
[Black "Durarbayli, Vasif"]
[Result "1-0"]
[ECO "D44"]
[WhiteElo "2721"]
[BlackElo "2628"]
[Annotator "TA"]
[PlyCount "51"]
[EventDate "2022.09.21"]
[EventType "tourn"]
[EventCountry "AZE"]
[SourceTitle "playchess.com"]
[Source "ChessBase"]
[SourceQuality "1"]
[TimeControl "900+10"]

1. d4 d5 2. c4 c6 3. Nf3 Nf6 4. Nc3 e6 5. Bg5 dxc4 6. e4 b5 7. e5 h6 8. Bh4 g5 9. Nxg5 hxg5 10. Bxg5 Be7 11. exf6 Bxf6 12. Bxf6 Qxf6 13. Be2 {[%emt 0:00:02][%cal Oc3b5] D44: Semi-Slav: Botvinnik System.} Na6 14. a4 {[%emt 0:00:01] [#]} Bb7 $146 ({Predecessor:} 14... b4 15. Ne4 Qf4 16. Bf3 Rxh2 17. Ke2 Nc7 18. g3 Qh6 19. Qc2 Rxh1 20. Rxh1 Qg7 {1-0 (30) Mendonca,L (2571)-Mohammad Fahad,R (2401) Abu Dhabi 2022}) 15. axb5 {[%emt 0:00:02] White is slightly better.} cxb5 16. Nxb5 {[%emt 0:00:26] Nd6+ is the strong threat.} (16. Bf3 Bxf3 17. Qxf3 Qxf3 18. gxf3 Nb4 $17) 16... Kf8 17. Nd6 (17. Bf3 $6 Bxf3 18. Qxf3 Qxf3 19. gxf3 Rh5 $11) (17. Qa4 $16) 17... Bxg2 $11 18. Rg1 Rxh2 {[%emt 0:00:01][%cal Oa8d8] And now ...Rd8! would win.} 19. Rxa6 {[%emt 0:00:35] The board is on fire.} Rd8 $2 (19... Bd5 $11 {and Black is okay.} 20. Rf1 Bg2) 20. Qd2 $18 ({Weaker is} 20. Bxc4 Bb7 $1 21. Qd2 Bxa6 $16) 20... Bb7 (20... Qh4 $142) 21. Ne4 Qe7 22. Rxa7 {[%emt 0:00:05][%cal Oe4f6] Strongly threatening Nf6!} Rh4 {[%emt 0:00:11] [#]} 23. Qg5 (23. Nf6 $142 $1 Qxf6 24. Qb4+ Qe7 {[#]} 25. Rg8+ $3 Kxg8 26. Qxe7 Rh1+ 27. Kd2) 23... Qxg5 24. Nxg5 Rb8 25. Nxf7 Rxd4 $2 (25... Kxf7 26. Bf3 (26. Bxc4 Rxd4 27. b3 Kf6 $14) 26... Rxd4 27. Rxb7+ Rxb7) 26. Ne5 {[%emt 0:00:52] Weighted Error Value: White=0.85/Black=0.72} 1-0